 Dungeon Sprint DCSS version 0.19.0-24-gb05acd6 (webtiles) character file.

13500000 igo the Conqueror (level 27, -5/272 (273) HPs)
             Began as a Ghoul Warper on Nov 22, 2016.
             Was the Champion of Makhleb.
             Slain by The Servant
             ... wielding a +9 glaive of flaming
              (45 damage)
             ... in the Dungeon (Sprint VIII: "Arena of Blood").
             The game lasted 00:04:11 (135 turns).

igo the Conqueror (Ghoul Warper)                     Turns: 135, Time: 00:04:11

HP:   -5/272 (273)  AC:  6    Str: 24    XL:     27
MP:   36/53         EV: 28    Int:  8    God:    Makhleb [******]
Gold: 0             SH:  0    Dex: 12    Spells: 0 memorised, 80 levels left

rFire  . . .     SeeInvis +     l - +∞ Axe of Woe
rCold  + . .     Gourm    .     b - +0 leather armour
rNeg   + + +     Faith    .     (shield currently unavailable)
rPois  ∞         Spirit   .     (no helmet)
rElec  .         Reflect  .     (no cloak)
rCorr  .         Harm     .     (no gloves)
MR     ++...     NoTele   +     (no boots)
Stlth  +++++++++.               (no amulet)
                                (no ring)
                                m - ring of see invisible

@: rotting, slowed, very slow
A: rotting body, claws 1, carnivore 3, cold resistance 1, negative energy
resistance 3, slow regeneration 1, torment resistance, unbreathing
a: Minor Destruction, Lesser Servant of Makhleb, Major Destruction, Greater
Servant of Makhleb, Renounce Religion


You were in the Dungeon.
You worshipped Makhleb.
Makhleb was exalted by your worship.
You were not hungry.

You visited 1 branch

Inventory:

Hand Weapons
 a - a +0 mace
 l - the +∞ Axe of Woe (weapon)
   (You found it in the Dungeon)
Missiles
 e - 5 tomahawks of dispersal (quivered)
Armour
 b - a +0 leather armour (worn)
Jewellery
 m - a ring of see invisible (left claw)
Scrolls
 d - 2 scrolls of blinking
Potions
 g - a potion of curing
 h - a potion of heal wounds
 i - a potion of haste
 j - 2 potions of magic
 k - a potion of berserk rage
Books
 c - a book of Spatial Translocations

   Spells                             Type                      Level
   a - Blink                          Translocation                2
   b - Shroud of Golubria             Charms/Translocation         2
   c - Lesser Beckoning               Translocation                3
   d - Portal Projectile              Translocation                3
   e - Teleport Other                 Translocation                3
   f - Passage of Golubria            Translocation                4
Comestibles
 f - a meat ration


   Skills:
 O Level 27 Fighting
 O Level 27 Axes
 O Level 27 Maces & Flails
 O Level 27 Throwing
 O Level 27 Armour
 O Level 27 Dodging
 O Level 27 Stealth
 O Level 27 Unarmed Combat
 O Level 27 Spellcasting
   Level 2.6 Translocations
 O Level 27 Invocations


You had 80 spell levels left.
You didn't know any spells.

Dungeon Overview and Level Annotations

Branches:
Dungeon (1/1)

Altars:
Makhleb

Annotations:
D The Servant


Innate Abilities, Weirdness & Mutations

Your body is rotting away.
You thrive on raw meat.
You are immune to poison.
You have sharp fingernails.
You are carnivorous and can eat meat at any time.
Your flesh is cold resistant. (rC+)
You are immune to negative energy. (rN+++)
You regenerate slowly when monsters are visible.
You are immune to unholy pain and torment.
You can survive without breathing.


Message History

You dissect the meat berserker like a pig carcass.
You kill the meat berserker!
Makhleb accepts your kill.
You feel better.
You hit the scourge. You chop the scourge into pieces.
You kill the scourge!
Makhleb accepts your kill.
You feel better.
You carve the scourge like a ham!!!
You fatally mangle the scourge.
You kill the scourge!
Makhleb accepts your kill.
The fleshlord gestures wildly while chanting.
The dread throws damnation at you.
The sphere of damnation explodes!
The damnation engulfs you!
The meat berserker rages.
The fleshlord moves out of view. x2
You hear a shout!
The Servant hits you from afar with a +9 glaive of flaming!!!!
* * * LOW HITPOINT WARNING * * *
The Servant burns you!!!
You die...

..X.........)))).......
o..........W)))).......
......#...%)).#.......
....#S....))#.%..%..
..###p...%.X###.....
.......###po....o..
.....%.o_..o.p..X..
..%.#..)M.#§...o..
....#_)@L_#.%XX.. ..
#O.)).#......
o..2VW@_.........
..§...###........
o###.. ...###... #..
..# #.. ..# .. .. .. ..


You could see an accursed, a tentacled monstrosity, a meat beast, a tyrant, The
Servant, a destroyer, a scourge, 3 fleshlords, a dread, a meat berserker
(berserk) and 4 bags of meat.

Vanquished Creatures
  3 hell knights (D)
  14 hell beasts (D)
  3 greater mummies (D)
  2 great orbs of eyes (D)
  2 wraiths (D)
  5 vampire knights (D)
  29 ogres (D)
  7 liches (D)
  5 hydras (D)
  69 orcs (D)
  3 phantoms (D)
  7 hill giants (D)
  3 skeletal warriors (D)
  2 sea snakes (D)
  5 large abominations (D)
  5 small abominations (D)
  4 crawling corpses (D)
168 creatures vanquished.

Vanquished Creatures (others)
  A crawling corpse (D)
1 creature vanquished.

Grand Total: 169 creatures vanquished

Notes
Turn   | Place    | Note
-------+----------+-------------------------------------------
     0 | D        | igo the Ghoul Warper began the quest for the Orb.
     0 | D        | Reached XP level 1. HP: 17/17 MP: 2/2
     4 | D        | Became a worshipper of Makhleb the Destroyer
     7 | D        | Noticed a bag of meat
     7 | D        | Noticed a bag of meat
     9 | D        | Noticed a meat berserker
     9 | D        | Killed a bag of meat
     9 | D        | Reached XP level 2. HP: 47/47 MP: 2/15
     9 | D        | Reached XP level 3. HP: 53/53 MP: 2/17
     9 | D        | Reached XP level 4. HP: 61/61 MP: 2/18
     9 | D        | Reached XP level 5. HP: 68/68 MP: 2/20
     9 | D        | Reached XP level 6. HP: 75/75 MP: 2/21
     9 | D        | Reached XP level 7. HP: 82/82 MP: 2/23
     9 | D        | Reached XP level 8. HP: 90/90 MP: 2/24
     9 | D        | Reached XP level 9. HP: 96/96 MP: 2/25
     9 | D        | Reached XP level 10. HP: 104/104 MP: 2/26
     9 | D        | Reached XP level 11. HP: 111/111 MP: 2/27
     9 | D        | Reached XP level 12. HP: 118/118 MP: 2/28
     9 | D        | Killed a meat berserker
     9 | D        | Reached * piety under Makhleb
     9 | D        | Reached skill level 15 in Maces & Flails
     9 | D        | Reached skill level 5 in Armour
     9 | D        | Reached skill level 15 in Dodging
     9 | D        | Reached XP level 13. HP: 133/133 MP: 2/33
     9 | D        | Reached XP level 14. HP: 140/140 MP: 2/34
    10 | D        | Noticed a bag of meat
    11 | D        | Noticed a bag of meat
    11 | D        | Noticed a large bag of meat
    12 | D        | Noticed a bag of meat
    12 | D        | Noticed a meat berserker
    12 | D        | Killed a bag of meat
    13 | D        | Noticed a bag of meat
    13 | D        | Noticed a bag of meat
    13 | D        | Noticed a bag of meat
    13 | D        | Noticed a bag of meat
    13 | D        | Noticed a bag of meat
    13 | D        | Noticed a meat berserker
    13 | D        | Noticed a meat berserker
    13 | D        | Noticed a meat berserker
    14 | D        | Noticed a bag of meat
    14 | D        | Noticed a bag of meat
    14 | D        | Noticed a bag of meat
    14 | D        | Noticed a bag of meat
    14 | D        | Noticed a meat berserker
    15 | D        | Noticed a bag of meat
    15 | D        | Noticed a bag of meat
    15 | D        | Noticed a bag of meat
    15 | D        | Noticed a bag of meat
    15 | D        | Noticed a bag of meat
    15 | D        | Killed a meat berserker
    15 | D        | Reached skill level 10 in Axes
    15 | D        | Reached XP level 15. HP: 156/156 MP: 3/37
    15 | D        | Reached ** piety under Makhleb
    15 | D        | Reached XP level 16. HP: 167/167 MP: 3/39
    15 | D        | Killed a large bag of meat
    16 | D        | Noticed a meat berserker
    16 | D        | Killed a meat berserker
    16 | D        | Reached *** piety under Makhleb
    16 | D        | Reached skill level 15 in Axes
    16 | D        | Reached XP level 17. HP: 135/180 MP: 4/42
    17 | D        | Noticed a large bag of meat
    17 | D        | Killed a meat berserker
    17 | D        | Reached XP level 18. HP: 192/192 MP: 4/45
    17 | D        | Killed a meat berserker
    17 | D        | Reached **** piety under Makhleb
    17 | D        | Reached skill level 10 in Throwing
    18 | D        | Noticed a meat berserker
    18 | D        | Killed a meat berserker
    18 | D        | Reached skill level 27 in Fighting
    18 | D        | Reached XP level 19. HP: 207/207 MP: 4/48
    18 | D        | Reached skill level 10 in Armour
    19 | D        | Reached skill level 27 in Spellcasting
    19 | D        | Reached ***** piety under Makhleb
    19 | D        | Reached XP level 20. HP: 216/216 MP: 4/50
    19 | D        | Killed a meat berserker
    19 | D        | Reached skill level 27 in Axes
    19 | D        | Reached skill level 27 in Dodging
    20 | D        | Noticed a large bag of meat
    20 | D        | Noticed a large bag of meat
    20 | D        | Reached skill level 27 in Maces & Flails
    20 | D        | Reached skill level 15 in Throwing
    20 | D        | Reached XP level 21. HP: 224/224 MP: 5/51
    21 | D        | Reached ****** piety under Makhleb
    22 | D        | Reached XP level 22. HP: 233/233 MP: 5/52
    23 | D        | Reached skill level 27 in Throwing
    23 | D        | Reached skill level 27 in Armour
    23 | D        | Reached skill level 10 in Stealth
    24 | D        | Reached skill level 15 in Unarmed Combat
    24 | D        | Reached skill level 15 in Invocations
    24 | D        | Reached XP level 23. HP: 240/240 MP: 6/53
    25 | D        | Reached skill level 27 in Stealth
    25 | D        | Reached XP level 24. HP: 249/249 MP: 6/53
    26 | D        | Reached skill level 27 in Unarmed Combat
    26 | D        | Reached skill level 27 in Invocations
    28 | D        | Reached XP level 25. HP: 257/257 MP: 7/53
    32 | D        | Reached XP level 26. HP: 266/266 MP: 8/53
    33 | D        | Noticed a destroyer
    33 | D        | Noticed a destroyer
    37 | D        | Noticed a destroyer
    39 | D        | Killed a destroyer
    39 | D        | Reached XP level 27. HP: 273/273 MP: 9/53
    39 | D        | Killed a destroyer
    40 | D        | Noticed a destroyer
    45 | D        | Killed a destroyer
    52 | D        | Killed a destroyer
    54 | D        | Noticed a tyrant
    56 | D        | Noticed an accursed
    58 | D        | Noticed an accursed
    58 | D        | Killed an accursed
    59 | D        | Noticed a tyrant
    63 | D        | Noticed an accursed
    64 | D        | Noticed a meat beast
    64 | D        | Killed a tyrant
    67 | D        | Noticed a meat beast
    67 | D        | Killed a meat beast
    69 | D        | Killed a tyrant
    70 | D        | Noticed a meat beast
    71 | D        | Noticed a destroyer
    71 | D        | Killed a meat beast
    73 | D        | Noticed a dread
    75 | D        | Killed a meat beast
    75 | D        | Killed an accursed
    76 | D        | Killed a destroyer
    77 | D        | Killed a dread
    79 | D        | Noticed a tyrant
    79 | D        | Noticed a meat beast
    79 | D        | Noticed a meat beast
    81 | D        | Noticed a meat beast
    82 | D        | Killed a meat beast
    82 | D        | Noticed a meat beast
    83 | D        | Noticed a meat beast
    83 | D        | Killed a meat beast
    84 | D        | Killed a meat beast
    86 | D        | Noticed a meat beast
    86 | D        | Noticed a meat beast
    87 | D        | Killed a meat beast
    88 | D        | Killed a meat beast
    90 | D        | Noticed a tyrant
    91 | D        | Killed a meat beast
    91 | D        | Killed a meat beast
    92 | D        | Killed a tyrant
    93 | D        | Noticed a tyrant
    93 | D        | Noticed a meat beast
    95 | D        | Killed a meat beast
    96 | D        | Killed an accursed
    97 | D        | Noticed a tyrant
    98 | D        | Killed a tyrant
    98 | D        | Killed a tyrant
   106 | D        | Noticed a meat beast
   109 | D        | Noticed a dread
   110 | D        | Killed a meat beast
   115 | D        | Noticed a tyrant
   115 | D        | Noticed a meat beast
   116 | D        | Noticed a meat beast
   121 | D        | Noticed The Servant
   121 | D        | Killed a meat beast
   122 | D        | Noticed an accursed
   123 | D        | Killed a meat beast
   124 | D        | Noticed a tyrant
   125 | D        | Noticed a destroyer
   125 | D        | Noticed a meat beast
   125 | D        | Noticed a tyrant
   127 | D        | Noticed a fleshlord
   127 | D        | Killed a dread
   128 | D        | Noticed a dread
   128 | D        | Noticed a fleshlord
   128 | D        | Noticed a fleshlord
   130 | D        | Noticed a fleshlord
   130 | D        | Killed a tyrant
   130 | D        | Killed a fleshlord
   131 | D        | Noticed a fleshlord
   131 | D        | Killed a tyrant
   132 | D        | Killed a fleshlord
   133 | D        | Noticed a dread
   133 | D        | Noticed a fleshlord
   134 | D        | Noticed a destroyer
   134 | D        | Noticed a fleshlord
   134 | D        | Noticed a fleshlord
   134 | D        | Killed a fleshlord
   135 | D        | Slain by The Servant

Skill      XL: |  1  2  3  4  5  6  7  8  9 10 11 12 13 14 15 16 17 18 19 20 21 22 23 24 |
---------------+-------------------------------------------------------------------------+-----
Fighting       | 14 17 20 21 23 24 27 | 27.0
Axes           | 4 7 10 11 15 18 22 24 27 | 27.0
Maces & Flails | 12 15 17 18 20 21 23 24 27 | 27.0
Throwing       | 4 6 7 8 9 10 11 17 25 27 | 27.0
Armour         | 4 5 6 7 8 9 10 16 25 27 | 27.0
Dodging        | 12 15 18 19 21 22 24 26 27 | 27.0
Spellcasting   | 13 17 19 20 22 24 26 27 | 27.0
Stealth        | 20 27 | 27.0
Unarmed Combat | 19 25 27 | 27.0
Invocations    | 19 25 27 | 27.0
Translocations | |  2.6

Action                   |  1- 3 |  4- 6 |  7- 9 | 10-12 | 13-15 | 16-18 | 19-21 | 22-24 | 25-27 || total
-------------------------+-------+-------+-------+-------+-------+-------+-------+-------+-------++-------
Melee: Executioner's axe |     1 |       |       |       |     2 |     3 |     4 |     6 |    70 ||    86
Armor: Leather armour    |       |       |       |       |       |       |       |       |     9 ||     9
Dodge: Dodged            |       |       |       |       |       |     1 |       |       |    17 ||    18
